 Dungeon Crawl Stone Soup version 0.28.0 (webtiles) character file.

Game seed: 9195595250811024455

666 arthad the Chopper (level 7, -1/67 HPs)
             Began as a Minotaur Monk on Feb 14, 2022.
             Was a Believer of Okawaru.
             Slain by a wyvern zombie (5 damage)
             ... on level 5 of the Dungeon.
             The game lasted 00:07:38 (4953 turns).

arthad the Chopper (Minotaur Monk)                  Turns: 4953, Time: 00:07:41

Health: -1/67      AC:  8    Str: 21    XL:     7   Next: 31%
Magic:  4/6        EV: 15    Int:  5    God:    Okawaru [**....]
Gold:   146        SH:  0    Dex: 13    Spells: 6/6 levels left

rFire   . . .      SeeInvis .   a - +0 hand axe
rCold   . . .      Faith    .   (no shield)
rNeg    . . .      Spirit   .   h - +2 ring mail of Hopscotch {rPois rCorr Str+4 Int-2}
rPois   +          Reflect  .   (helmet restricted)
rElec   .          Harm     .   (no cloak)
rCorr   +          Rampage  .   (no gloves)
Will    .....                   (no boots)
Stlth   +++.......              (no amulet)
HPRegen 0.21/turn               (no ring)
MPRegen 0.10/turn               (no ring)

@: heroic
A: horns 2, retaliatory headbutt, poison resistance, robust 1
a: Renounce Religion, Heroism


You were on level 5 of the Dungeon.
You worshipped Okawaru.
Okawaru was pleased with you.
You visited 2 branches of the dungeon, and saw 6 of its levels.

You collected 146 gold pieces.

Inventory:

Hand Weapons
 a - a +0 hand axe (weapon)
Missiles
 j - 2 throwing nets (quivered)
Armour
 b - a +0 robe
 h - the +2 ring mail of Hopscotch (worn) {rPois rCorr Str+4 Int-2}
   (You found it on level 3 of the Dungeon)

   Str:       It affects your strength (+4).
   Int:       It affects your intelligence (-2).
   rPois:     It protects you from poison.
   rCorr:     It protects you from acid and corrosion.
Scrolls
 d - 2 scrolls of identify {unknown}
 e - 5 scrolls of teleportation {unknown}
 m - a scroll of magic mapping {unknown}
 n - a scroll of enchant weapon {unknown}
Potions
 f - a potion of mutation
 k - a potion of haste {unknown}
 l - a potion of lignification


   Skills:
 + Level 5.3(10.3) Fighting
 * Level 6.5(11.5) Axes
 + Level 3.2(8.2) Armour
 + Level 4.8(9.8) Dodging
 + Level 3.3(8.3) Stealth
 + Level 0.8 Invocations


You had 6 spell levels left.
You didn't know any spells.
Your spell library contained the following spells:

 Spells                   Type           Power      Damage    Failure   Level
 Summon Small Mammal      Summ           Unusable   N/A       N/A         1
 Call Canine Familiar     Summ           Unusable   N/A       N/A         3
 Summon Guardian Golem    Hex/Summ       Unusable   N/A       N/A         3

Dungeon Overview and Level Annotations

Branches:
Dungeon (5/15)             Temple (1/1) D:4

Altars:
Ashenzari
Dithmenos
Elyvilon
Gozag
Kikubaaqudgha
Makhleb
Nemelex Xobeh
Okawaru
Qazlal
Ru
Sif Muna
Trog
Vehumet
Xom

Shops:
D:4 (


Innate Abilities, Weirdness & Mutations

You have a pair of horns on your head.
You reflexively headbutt those who attack you in melee.
Your system is resistant to poisons. (rPois)
You are robust. (+10% HP)


Message History

You are too injured to fight recklessly!
You are too injured to fight recklessly!
You are too injured to fight recklessly!
You are too injured to fight recklessly!
You are too injured to fight recklessly!
Unknown command.
It was a potion of brilliance.
You feel clever all of a sudden. The ogre closely misses you.
You furiously retaliate!
You headbutt the ogre.
It was a potion of mutation.
You feel extremely strange.
You feel robust.
You feel resistant to poisons. The wyvern zombie misses you.
The ogre hits you with a +0 giant club!
* * * LOW HITPOINT WARNING * * *
It was a potion of curing.
You feel better. The wyvern zombie bites you.
* * * LOW HITPOINT WARNING * * *
It was a potion of lignification.
You turn into a tree.
The +2 ring mail of Hopscotch {rPois rCorr Str+4 Int-2} melds into your body.
Your roots penetrate the ground.
The wyvern zombie bites you!
* * * LOW HITPOINT WARNING * * *
The ogre hits you with a +0 giant club.
* * * LOW HITPOINT WARNING * * *
You gain the combat prowess of a mighty hero.
The wyvern zombie bites you!
* * * LOW HITPOINT WARNING * * *
The ogre hits you with a +0 giant club.
* * * LOW HITPOINT WARNING * * *
The wyvern zombie bites you but does no damage.
You feel better. The wyvern zombie bites you.
* * * LOW HITPOINT WARNING * * *
The ogre barely misses you.
Unknown command.
Unknown command.
It was a potion of cancellation.
Your magical effects are unravelling.
You feel magically purged.
You feel less wooden.
The +2 ring mail of Hopscotch {rPois rCorr Str+4 Int-2} unmelds from your body.
You feel a little less clever now. The wyvern zombie bites you.
You die...

#.. ............#
#.###+##+##'###.#
########.#.....#.....#.#
.........#.....#.....#.#
.........'##'##'##'##+.#
.........#..#.....#..#.#
....#...#..#+###+#..#.#
.. #...#..#.....#..#.#
#.@.+..+.._..'..'.#
#.OZ#..#.....#..#.#
#.$.#..#+###'#..#.#
#...#..#.....#..#.#
#...+##+##'##+##+.#
#...#.....#.....###
##...#.....#.....#
.....###+##'##+###
.......>.#.....#


You could see an ogre and a wyvern zombie.

Vanquished Creatures
  A centaur (D:5)
  A phantom (D:4)
  2 scorpions (D:4)
  2 hounds
  A centaur skeleton (D:4)
  A gnoll shaman (D:5)
  An iguana (D:2)
  A hound skeleton (D:4)
  4 adders
  12 gnolls
  2 worms
  A dart slug (D:3)
  An orc (D:4)
  3 endoplasms (D:1)
  4 giant cockroaches (D:4)
  9 goblins
  3 hobgoblins
  5 jackals
  4 quokkas
  14 ball pythons
  5 bats
  A frilled lizard (D:2)
  7 kobolds
  6 rats
91 creatures vanquished.

Notes
Turn   | Place    | Note
-------+----------+-------------------------------------------
     0 | D:1      | arthad the Minotaur Monk began the quest for the Orb.
     0 | D:1      | Reached XP level 1. HP: 19/19 MP: 0/0
   183 | D:1      | Reached XP level 2. HP: 27/27 MP: 1/1
   623 | D:1      | Found a faded altar of an unknown god.
   656 | D:1      | Reached skill level 4 in Axes
   782 | D:2      | Reached XP level 3. HP: 33/33 MP: 2/2
   839 | D:2      | You fall into a shaft and drop 2 floors!
   856 | D:4      | Found a sacrificial altar of Ru.
   856 | D:4      | Noticed a phantom
  1091 | D:3      | Identified the +2 ring mail of Hopscotch {rPois rCorr Str+4
                  | Int-2}
  1625 | D:2      | Reached XP level 4. HP: 30/40 MP: 3/3
  1717 | D:2      | Reached skill level 1 in Armour
  2859 | D:3      | Reached XP level 5. HP: 47/47 MP: 4/4
  3101 | D:4      | Reached skill level 5 in Axes
  3249 | D:4      | Found a staircase to the Ecumenical Temple.
  3262 | Temple   | Entered the Ecumenical Temple
  3476 | Temple   | Became a worshipper of Warmaster Okawaru
  3476 | Temple   | Reached * piety under Okawaru
  3476 | Temple   | Reached ** piety under Okawaru
  3536 | D:4      | Reached XP level 6. HP: 18/55 MP: 2/5
  4030 | D:4      | Reached skill level 5 in Fighting
  4065 | D:4      | Reached skill level 6 in Axes
  4527 | D:4      | Found Nunauzy's Weapon Emporium.
  4583 | D:5      | Entered Level 5 of the Dungeon
  4599 | D:5      | Reached XP level 7. HP: 32/61 MP: 3/6
  4897 | D:5      | Found a shimmering altar of Xom.
  4948 | D:5      | Gained mutation: You are robust. (+10% HP) [potion of
                  | mutation]
  4948 | D:5      | Gained mutation: Your system is resistant to poisons.
                  | (rPois) [potion of mutation]
  4951 | D:5      | HP: 2/100 [ogre (4)]
  4953 | D:5      | Slain by a wyvern zombie

Illustrated notes

Levels and vault maps discovered:
D:1:      lemuel_arrival_cross, layout_rooms, basic_ecumenical_altar,
          ebering_dispersal_statue_hall
D:2:      layout_basic
D:3:      layout_loops_ring, chequers_avenue
D:4:      layout_basic, nicolae_ru_awakened_eye, minmay_temple_entry_mini_moons,
          serial_shops, nicolae_shop_behind_doors, minmay_misc_feat_roman,
          grunt_ministairs_7, dk_noncrumbling_2, st_stairs_7
D:5:      layout_gridville, mainiacjoe_overflow_24_doors,
          pdpol_wu_jian_five_deadly_venoms, uniq_edmund
Temple:   chequers_temple_sunken

Skill      XL: |  1  2  3  4  5  6 |
---------------+-------------------+-----
Stealth        | 2 3 |  3.3
Fighting       | 4 5 |  5.3
Axes           | 4 5 6 |  6.5
Armour         | 1 2 3 |  3.2
Dodging        | 4 |  4.8
Invocations    | |  0.8

Action                   |  1- 3 |  4- 6 |  7- 9 || total
-------------------------+-------+-------+-------++-------
Melee: Hand axe          |    72 |   147 |    28 ||   247
       Headbutt          |     7 |    21 |     6 ||    34
       Punch             |     1 |     1 |       ||     2
Invok: Heroism           |       |     2 |     1 ||     3
  Use: Potion            |       |       |     6 ||     6
 Stab: Sleeping          |     3 |     2 |       ||     5
Armor: Robe              |    11 |       |       ||    11
       Ring mail         |     1 |    51 |    10 ||    62
       Skin              |       |       |     1 ||     1
Dodge: Dodged            |    46 |   103 |    28 ||   177
